 Dungeon Crawl Stone Soup version 0.16.2-12-gd0ad4c3 (webtiles) character file.

518 dearth the Vandal (level 7, -5/46 HPs)
             Began as a Halfling Hunter on Oct 3, 2015.
             Slain by an ogre
             ... wielding a +0 giant club
              (12 damage)
             ... on level 4 of the Dungeon.
             The game lasted 00:15:47 (4283 turns).

dearth the Vandal (Halfling Hunter)                 Turns: 4283, Time: 00:15:47

Health: -5/46      AC:  7    Str: 14    XL:     7   Next: 45%
Magic:  0/7        EV: 14    Int: 10    God:
Gold:   196        SH:  0    Dex: 15    Spells: 0 memorised, 6 levels left

rFire  . . .     SeeInvis .     b - +1 hunting sling
rCold  . . .     Clarity  .     n - +0 ring mail (curse)
rNeg   . . .     SustAb   .     (no shield)
rPois  .         Gourm    .     v - +1 helmet
rElec  .         Spirit   +     (no cloak)
rCorr  .         Warding  .     (no gloves)
rMut   .         Stasis   .     (no boots)
MR     .....                    g - amulet of guardian spirit
Stlth  ++........               B - ring of stealth
                                u - ring of loudness (curse)

@: drained, not resistant to hostile enchantments, unstealthy
A: mutation resistance 1
a: no special abilities


You were on level 4 of the Dungeon.
You were not hungry.

You visited 1 branch of the dungeon, and saw 4 of its levels.

You collected 196 gold pieces.

Inventory:

Hand weapons
 a - a +0 short sword
 b - a +1 hunting sling (weapon)
 x - a +1 dagger of draining
Missiles
 c - 13 sling bullets
 e - 80 stones (quivered)
 k - 15 bolts of frost
 l - 3 tomahawks
Armour
 n - a cursed +0 ring mail (worn)
 v - a +1 helmet (worn)
Jewellery
 g - an amulet of guardian spirit (around neck)
 u - a cursed ring of loudness (left hand)
 B - a ring of stealth (right hand)
Magical devices
 w - a wand of enslavement (0)
Scrolls
 h - a scroll of remove curse {unknown}
 m - 6 scrolls of identify
 s - 2 scrolls of amnesia
Potions
 d - 4 potions of heal wounds {unknown}
 j - 2 potions of curing {unknown}
 r - a potion of lignification {unknown}
Books
 y - a book of Conjurations

   Spells                             Type                      Level
   a - Magic Dart                     Conjuration                  1
   b - Searing Ray                    Conjuration                  2
   c - Dazzling Spray                 Conjuration/Hexes            3
   d - Fulminant Prism                Conjuration/Hexes            4
   e - Iskenderun's Mystic Blast      Conjuration                  4
   f - Iskenderun's Battlesphere      Conjuration/Charms           5
Comestibles
 f - 3 bread rations
 i - 2 meat rations
 o - 3 fruits
 z - a beef jerky


   Skills:
 + Level 3.5(2.5) Fighting
 + Level 3.4(2.4) Short Blades
 + Level 7.0(5.9) Slings
 + Level 2.5(1.6) Armour
 + Level 3.7(2.7) Dodging
 + Level 4.1(3.1) Stealth


You had 6 spell levels left.
You didn't know any spells.

Dungeon Overview and Level Annotations

Branches:
Dungeon (4/15)
 Temple: D:4-7

Altars:
Dithmenos
Ru

Shops:
D:4 }


Innate Abilities, Weirdness & Mutations

You are small and have problems with some larger weapons.
You are somewhat resistant to further mutation.


Message History

Aim: an ogre, wielding a giant club You shoot a stone.
The stone hits the ogre.
The ogre is lightly wounded.
The ogre hits you with a giant club!
Firing (i - inventory. (,) - cycle):
e - 82 stones (quivered)
Press: ? - help, Shift-Dir - straight line, f/p - ogre
Aim: an ogre, wielding a giant club (lightly wounded)
You shoot a stone. The stone barely misses the ogre.
Firing (i - inventory. (,) - cycle):
e - 81 stones (quivered)
Press: ? - help, Shift-Dir - straight line, f/p - ogre
Aim: an ogre, wielding a giant club (lightly wounded)
You shoot a stone. The stone barely misses the ogre.
The ogre hits you with a giant club!
* * * LOW HITPOINT WARNING * * *
Firing (i - inventory. (,) - cycle):
e - 80 stones (quivered)
Press: ? - help, Shift-Dir - straight line, p - ogre You can't see that place.
Okay, then.
You open the door. The ogre hits you with a giant club!
You die...

****,,,..+...........#+***,
*,.##'#....,,.....#,,**, ***
*.?.......#*+#....#,,+,, ,,*
#..!......#,,+....+,,**, ,,*
#......(..+,,#....#,,**, ,,*
#........(#+##....#,,+,, +**
#......(..#..#....#,,*,, ,,*
#......O..'..'....+,,*,,
,********#......@..##+#....##,**,
,*,,*,*,..#+####'###,,#.....#,**,
,,,,,,+<,,+,,+,...,,,,+.....+,,,,
,,,**+*,,,*,**.....,,,#.....#,##+
,,,*,,,,,,*,*#...##.,,#.....#,#..
,,,+,,,*+**,*#...#*..,#.....#+#..
,,,*,,,*,,,,*#...#*,..+..........
**+*,,,+,,,,+....+,,,,#..........
,,,*,,,*,,,,***#+#*,,,#..........


You could see an ogre.

Vanquished Creatures
  Grinder (D:3)
  A scorpion (D:4)
  2 hounds (D:4)
  Natasha (D:3)
  An iguana (D:4)
  Jessica (D:3)
  A hound skeleton (D:4)
  Terence (D:2)
  4 gnolls (D:3)
  2 adders
  A worm (D:2)
  A giant gecko (D:2)
  4 bats
  A bat skeleton (D:4)
  2 giant cockroaches
  11 hobgoblins
  2 jackals (D:3)
  3 quokkas (D:3)
  3 giant newts
  5 goblins
  12 kobolds
  13 rats
  3 plants (D:1)
76 creatures vanquished.

Notes
Turn   | Place    | Note
--------------------------------------------------------------
     0 | D:1      | dearth, the Halfling Hunter, began the quest for the Orb.
     0 | D:1      | Reached XP level 1. HP: 14/14 MP: 1/1
   181 | D:1      | Reached skill level 6 in Slings
   181 | D:1      | Reached XP level 2. HP: 19/19 MP: 2/2
  1346 | D:2      | Reached skill level 1 in Short Blades
  1346 | D:2      | Reached XP level 3. HP: 22/24 MP: 3/3
  1630 | D:2      | Noticed Terence
  1651 | D:2      | Killed Terence
  1651 | D:2      | Reached XP level 4. HP: 20/29 MP: 2/4
  2019 | D:3      | Found a shadowy altar of Dithmenos.
  2095 | D:3      | Noticed Grinder
  2103 | D:3      | Paralysed by Grinder for 6 turns
  2135 | D:3      | Killed Grinder
  2135 | D:3      | Reached XP level 5. HP: 13/36 MP: 1/5
  2135 | D:3      | Reached XP level 6. HP: 15/42 MP: 1/6
  2360 | D:3      | Noticed Natasha
  2380 | D:3      | Killed Natasha
  2743 | D:3      | Noticed Jessica
  2833 | D:3      | Killed Jessica
  3686 | D:4      | Found Doivof's Gadget Shop.
  3692 | D:4      | Reached XP level 7. HP: 46/46 MP: 7/7
  3734 | D:4      | Found a sacrificial altar of Ru.
  3892 | D:4      | Reached skill level 7 in Slings
  4283 | D:4      | Slain by an ogre

Action                   |  1- 3 |  4- 6 |  7- 9 || total
-------------------------+-------+-------+-------++-------
Melee: Short sword       |   331 |    32 |       ||   363
       Hunting sling     |    19 |       |       ||    19
       Dagger            |       |    31 |       ||    31
 Fire: Hunting sling     |    81 |   100 |    80 ||   261
  Use: Scroll            |       |       |     6 ||     6
 Stab: Sleeping          |     1 |       |       ||     1
  Eat: Chunk             |     3 |     4 |       ||     7
       Pizza             |       |     1 |       ||     1
       Fruit             |       |     3 |       ||     3
